Workbook
Name \a: #REF!
Name \a: #REF!
Name \b: #REF!
Name \b: #REF!
Name \eliminar: [1]RESUM96!#REF!
Name \eliminar: [1]RESUM96!#REF!
Name \eliminar1: [1]RESUM96!#REF!
Name \eliminar1: [1]RESUM96!#REF!
Name \L: #REF!
Name \P: #REF!
Name \q: #REF!
Name \q: #REF!
Name \s: #REF!
Name \X: [0]!ERR
Name \X: [0]!ERR
Name \X: [2]!ERR
Name \Z: [0]!ERR
Name \Z: [0]!ERR
Name \Z: [2]!ERR
Name _________________________________________________i1: #REF!
Name ________________________________________________i1: #REF!
Name _______________________________________________i1: #REF!
Name ______________________________________________i1: #REF!
Name _____________________________________________i1: #REF!
Name ____________________________________________i1: #REF!
Name ___________________________________________i1: #REF!
Name __________________________________________i1: #REF!
Name _________________________________________i1: #REF!
Name ________________________________________i1: #REF!
Name _______________________________________f: #REF!
Name _______________________________________f: #REF!
Name _______________________________________f: #REF!
Name _______________________________________f: #REF!
Name _______________________________________i1: #REF!
Name ______________________________________f: #REF!
Name ______________________________________i1: #REF!
Name _____________________________________f: #REF!
Name _____________________________________i1: #REF!
Name ____________________________________f: #REF!
Name ____________________________________i1: #REF!
Name ____________________________________PJ50: #REF!
Name ___________________________________f: #REF!
Name ___________________________________i1: #REF!
Name __________________________________f: #REF!
Name __________________________________i1: #REF!
Name _________________________________f: #REF!
Name _________________________________i1: #REF!
Name ________________________________f: #REF!
Name ________________________________i1: #REF!
Name _______________________________f: #REF!
Name _______________________________i1: #REF!
Name ______________________________f: #REF!
Name ______________________________i1: #REF!
Name ______________________________IPC2002: #REF!
Name _____________________________f: #REF!
Name _____________________________i1: #REF!
Name ____________________________f: #REF!
Name ____________________________i1: #REF!
Name ___________________________f: #REF!
Name ___________________________i1: #REF!

Sheet Discrimin Factor Multiplica (2)
B7: FACTOR MULTIPLICADOR PARA PERSONAL PROFESIONAL
B9: =+'Presupuesto Interv.'!B5:H5 -> INTERVENTORIA TÉCNICA, ADMINISTRATIVA Y FINANCIERA PARA EL PROYECTO: CONSTRUCCIÓN DE CANCHA SINTÉTICA EN EL BARRIO EL JARDÍN DEL MUNICIPIO DE CUBARÁ. DEPARTAMENTO DE BOYACÁ.
B12: LIT | C12: FACTOR | G12: BASE | H12: PARCIAL | I12: VALOR (%)
B14: A. | C14: VALOR BASE | I14: 1
B16: B. | C16: PRESTACIONES SOCIALES | I16: =SUM(H17:H31) -> 0.72813333
C17: B.1. | D17: Cesantías | G17: A/12 | H17: =+I14/12 -> 0.083333333
C18: B.2. | D18: Intereses sobre cesantías | G18: A*1% | H18: =+I14*1% -> 0.01
C19: B.3. | D19: Prima anual | G19: A/12 | H19: =+I14/12 -> 0.083333333
C20: B.4. | D20: Caja de compensación | G20: A*4% | H20: =+I14*4% -> 0.04
C21: B.5. | D21: SENA | G21: A*2% | H21: =+I14*2% -> 0.02
C22: B.6. | D22: ICBF | G22: A*3% | H22: =+I14*3% -> 0.03
C23: B.7. | D23: Seguridad Social - Salud | G23: A*8,5% | H23: =+I14*8.5% -> 0.085
C24: B.8. | D24: Seguridad Social - Pensión | G24: A*12% | H24: =+I14*12% -> 0.12
C25: B.9. | D25: ARP Personal en Obra | G25: A*6,96% | H25: =+I14*6.96% -> 0.0696
C26: B.10. | D26: ARP Personal en Oficina | G26: A*0,52% | H26: =+I14*0.52% -> 0.0052
C27: B.11. | D27: Vacaciones | G27: A/24 | H27: =+I14/24 -> 0.041666667
C28: B.12. | D28: Ausencias justificadas | G28: A* % | H28: =+I14*1% -> 0.01
C29: B.13. | D29: Auxilio de Transporte | G29: A* % | H29: =+I14*11% -> 0.11
C30: B.14. | D30: Indemnizaciones | G30: A* % | H30: =+I14*1% -> 0.01
C31: B.15. | D31: Otros | G31: A* % | H31: =+I14*1% -> 0.01
B33: C. | C33: COSTOS INDIRECTOS | I33: =SUM(H34:H37) -> 0.365
C34: C.1. | D34: Impuesto de renta | G34: A* % | H34: =+I14*11% -> 0.11
C35: C.2. | D35: Gastos bancarios y costos financieros | G35: A* % | H35: =+I14*14% -> 0.14
C36: C.3. | D36: Perfeccionamiento de contrato | G36: A* % | H36: =+I14*2% -> 0.02
C37: C.4. | D37: Otros | G37: A* % | H37: =+I14*9.5% -> 0.095
B39: D. | D39: SUBTOTAL | I39: =SUM(I13:I38) -> 2.0931333
B41: E. | C41: UTILIDAD | G41: D*10% | H41: 0.1 | I41: =+I39*H41 -> 0.20931333
C43: FACTOR MULTIPLICADOR FINAL | I43: =+I39+I41 -> 2.3024467
B46: Proyectó | E46: Vo. Bo. Secretario
B50: =+'Presupuesto Interv.'!B34 -> DIEGO ALEJANDRO SIERRA BUSTOS | E50: JOSE LEONARDO ARAQUE CONTRERAS
B51: Apoyo a la Secretaria de Planeacion y Obras Publicas | E51: Secretario de Planeación y Obras Publicas

Sheet Presupuesto Interv.
B4: PROYECTO
B5: INTERVENTORIA TÉCNICA, ADMINISTRATIVA Y FINANCIERA PARA EL PROYECTO: CONSTRUCCIÓN DE CANCHA SINTÉTICA EN EL BARRIO EL JARDÍN DEL MUNICIPIO DE CUBARÁ. DEPARTAMENTO DE BOYACÁ.
B7: ITEM | C7: CARGO / OFICIO | D7: UNIDAD | E7: DEDICACIÓN | F7: TIEMPO (MESES) | G7: SUELDO BASICO | H7: VALOR PARCIAL
B8: 1 | C8: COSTOS DE PERSONAL PROFESIONAL
B9: 1.01 | C9: Director de Interventoria | D9: Mes | E9: 0.6 | F9: 1 | G9: =+ROUND(5732867.31091951,0) -> 5732867 | H9: =ROUND((F9*G9*E9),0) -> 3439720
B10: 1.02 | C10: Residente de Interventoria | D10: Mes | E10: 1 | F10: 1 | G10: =+ROUND((3714322.02928071),0) -> 3714322 | H10: =ROUND((F10*G10*E10),0) -> 3714322
B11: 1.03 | C11: Residente Ambiental | D11: Mes | E11: 1 | F11: 1 | G11: =+ROUND((3714322.02928071),0) -> 3714322 | H11: =ROUND((F11*G11*E11),0) -> 3714322
B12: 1.04 | C12: Supervisor SST o HSE | D12: Mes | E12: 1 | F12: 1 | G12: =+ROUND((3655000.02928071),0) -> 3655000 | H12: =ROUND((F12*G12*E12),0) -> 3655000
B13: 1.05 | C13: Residente electrico | D13: Mes | E13: 0.6 | F13: 1 | G13: =+ROUND((3855000.02928071),0) -> 3855000 | H13: =ROUND((F13*G13*E13),0) -> 2313000
B14: 1.06 | C14: Auxiliar de Ingenieria | D14: Mes | E14: 1 | F14: 1 | G14: 1800000 | H14: =ROUND((F14*G14*E14),0) -> 1800000
B15: SUBTOTAL COSTOS PERSONAL | H15: =+SUM(H9:H14) -> 18636364 | K15: =+ROUND(60170727.89,0) -> 60170728
B16: TOTAL COSTO DE PERSONAL CON FACTOR MULTIPLICADOS | G16: 2.3 | H16: =ROUND((H15*G16),2) -> 42863637
B17: ITEM | C17: CARGO / OFICIO | D17: UNIDAD | E17: CANTIDAD | F17: TIEMPO (MESES) | G17: SUELDO BASICO | H17: COSTO TOTAL | K17: =+K15-H28 -> 0
B19: 2 | C19: GASTOS OPERACIONALES
B20: 2.01 | C20: Gastos de Oficina (Papeleria, Copias, impresión de planos y Otros) Edición de informes, fotocopias y reproducciones documentales | D20: Mes | E20: 1 | F20: 1 | G20: 1000000 | H20: =G20*F20*E20 -> 1000000
B21: 2.02 | C21: Oficina | D21: Mes | E21: 1 | F21: 1 | G21: =850000 -> 850000 | H21: =+G21*F21*E21 -> 850000
B22: 2.03 | C22: Ensayos de laboratorio. | D22: Mes | E22: 1 | F22: 1 | G22: 5850000 | H22: =+G22*F22*E22 -> 5850000
B23: TOTAL GASTOS OPERACIONALES | H23: =SUM(H20:H22) -> 7700000
B24: TOTAL COSTOS PERSONAL CON FACTOR MULTIPLICADOR | H24: =+H16 -> 42863637
B25: TOTAL GASTOS OPERACIONALES | H25: =+H23 -> 7700000
B26: SUBTOTAL COSTO DIRECTO | H26: =+H24+H25 -> 50563637
B27: IVA =19% | H27: =ROUND((H26*19%),0) -> 9607091
B28: VALOR TOTAL | H28: =ROUND(H26+H27,0) -> 60170728
B30: Proyectó | E30: Vo. Bo. Secretario
B34: DIEGO ALEJANDRO SIERRA BUSTOS | E34: JOSE LEONARDO ARAQUE CONTRERAS
B35: Apoyo a la Secretaria de Planeacion y Obras Publicas | E35: Secretario de Planeación y Obras Publicas

Sheet 11.4 CRONOGRAMA
B4: =+'Presupuesto Interv.'!B5:H5 -> INTERVENTORIA TÉCNICA, ADMINISTRATIVA Y FINANCIERA PARA EL PROYECTO: CONSTRUCCIÓN DE CANCHA SINTÉTICA EN EL BARRIO EL JARDÍN DEL MUNICIPIO DE CUBARÁ. DEPARTAMENTO DE BOYACÁ.
B5: CRONOGRAMA
B7: ITEM | C7: DESCRIPCION | D7: VALOR PRESUPUESTAL | E7: DURACION EN SEMANAS | M7: VALOR TOTAL
E8: SEMANA 1 | G8: SEMANA 2 | I8: SEMANA 3 | K8: SEMANA 4 | Q8: CLASE
B10: 1.00 | C10: =+'Presupuesto Interv.'!B5 -> INTERVENTORIA TÉCNICA, ADMINISTRATIVA Y FINANCIERA PARA EL PROYECTO: CONSTRUCCIÓN DE CANCHA SINTÉTICA EN EL BARRIO EL JARDÍN DEL MUNICIPIO DE CUBARÁ. DEPARTAMENTO DE BOYACÁ. | D10: =+'Presupuesto Interv.'!H28 -> 60170728 | E10: x | G10: x | I10: x | K10: x | M10: =+D10 -> 60170728
C12: Proyectó | G12: Vo. Bo. Secretario
C16: =+'Presupuesto Interv.'!B34 -> DIEGO ALEJANDRO SIERRA BUSTOS | G16: JOSE LEONARDO ARAQUE CONTRERAS
C17: APOYO SECRETARIO DE PLANEACION Y OBRAS PUBLICAS | G17: SECRETARIO DE PLANEACION Y OBRAS PUBLICAS

Sheet 11.5 FLUJO FONDOS
B3: =+'Presupuesto Interv.'!B5:H5 -> INTERVENTORIA TÉCNICA, ADMINISTRATIVA Y FINANCIERA PARA EL PROYECTO: CONSTRUCCIÓN DE CANCHA SINTÉTICA EN EL BARRIO EL JARDÍN DEL MUNICIPIO DE CUBARÁ. DEPARTAMENTO DE BOYACÁ.
B4: FLUJO DE FONDOS
B5: ITEM | C5: DESCRIPCION | D5: VALOR PRESUPUESTAL | E5: DURACION EN SEMANAS | I5: VALOR TOTAL
E6: SEM 1 | F6: SEM 2 | G6: SEM 3 | H6: SEM 4
B8: 1.00 | C8: =+'Presupuesto Interv.'!B5 -> INTERVENTORIA TÉCNICA, ADMINISTRATIVA Y FINANCIERA PARA EL PROYECTO: CONSTRUCCIÓN DE CANCHA SINTÉTICA EN EL BARRIO EL JARDÍN DEL MUNICIPIO DE CUBARÁ. DEPARTAMENTO DE BOYACÁ. | D8: =+'Presupuesto Interv.'!H28 -> 60170728 | E8: =+$D$8/4 -> 15042682 | F8: =+$D$8/4 -> 15042682 | G8: =+$D$8/4 -> 15042682 | H8: =+$D$8/4 -> 15042682 | I8: =+SUM(E8:H8) -> 60170728
B10: Proyectó | F10: Vo. Bo. Secretario
B14: =+'Presupuesto Interv.'!B34 -> DIEGO ALEJANDRO SIERRA BUSTOS | F14: JOSE LEONARDO ARAQUE CONTRERAS
B15: Apoyo a la Secretaria de Planeacion y Obras Publicas | F15: SECRETARIO DE PLANEACION Y OBRAS PUBLICAS
